 Dungeon Crawl Stone Soup version 0.27.1-34-g3ba077fa99 (webtiles) character file.

Game seed: 5181299475929442298

193 Eitelfritz the Poker (level 5, -6/40 HPs)
             Began as a Merfolk Gladiator on Jan 3, 2022.
             Killed by divine providence
             ... invoked by an orc priest
              (14 damage)
             ... on level 3 of the Dungeon.
             The game lasted 00:06:25 (3722 turns).

Eitelfritz the Poker (Merfolk Gladiator)            Turns: 3722, Time: 00:06:26

Health: -6/40      AC:  4    Str: 14    XL:     5   Next: 72%
Magic:  5/5        EV: 13    Int:  9    God:
Gold:   123        SH:  0    Dex: 15    Spells: 4/4 levels left

rFire    . . .     SeeInvis .   a - +0 trident
rCold    . . .     Faith    .   (no shield)
rNeg     . . .     Spirit   .   b - +0 leather armour
rPois    .         Reflect  .   c - +0 helmet
rElec    .         Harm     .   (no cloak)
rCorr    .         Rampage  .   (no gloves)
Will     .....                  (no boots)
Stlth    ++........             (no amulet)
HPRegen  0.13/turn              (no ring)
MPRegen  0.09/turn              (no ring)

@: no status effects
A: (nimble swimmer 2), mertail
a: no special abilities


You were on level 3 of the Dungeon.
You visited 1 branch of the dungeon, and saw 3 of its levels.

You collected 123 gold pieces.

Inventory:

Hand Weapons
 a - a +0 trident (weapon)
 j - a +2 mace of holy wrath
Missiles
 d - 3 throwing nets (quivered)
 h - 8 boomerangs of dispersal
Armour
 b - a +0 leather armour (worn)
 c - a +0 helmet (worn)
 p - a +0 chain mail
 q - a +0 scale mail
Magical Staves
 l - a staff of cold
Jewellery
 m - a ring of poison resistance
Wands
 r - a wand of charming (9)
Scrolls
 f - a scroll of teleportation {unknown}
Potions
 e - a potion of degeneration {unknown}
 g - a potion of lignification {unknown}
 i - a potion of berserk rage {unknown}
 k - a potion of haste {unknown}
 n - 2 potions of curing
 o - a potion of mutation {unknown}


   Skills:
 + Level 2.8 Fighting
 + Level 6.8 Polearms
 + Level 2.1 Throwing
 + Level 1.2 Armour
 + Level 4.9 Dodging
 + Level 2.0 Stealth


You had 4 spell levels left.
You didn't know any spells.
Your spell library was empty.

Dungeon Overview and Level Annotations

Branches:
Dungeon (3/15)

Altars:

Shops:
D:2 (


Innate Abilities, Weirdness & Mutations

((You are quick and stealthy near water. (Stealth+, EV+, Speed+++)))
Your lower body shifts to a powerful aquatic tail in water.


Message History

The worm is severely wounded.
The worm bites you but does no damage.
You barely miss the worm.
The worm is severely wounded.
You hit the worm but do no damage.
The worm is severely wounded.
The worm misses you.
You puncture the worm!
You kill the worm!
Things that are here:
a +0 short sword; a +0 scale mail; the human corpse of Terence
Things that are here:
a +0 short sword; a +0 scale mail; the human corpse of Terence 2 orcs come into view.
An orc priest comes into view. It is wielding a +2 dagger of venom.
The orc priest shouts!
The orc shouts!
You hear a shout! x2
You closely miss the orc.
An orc and an orc priest come into view.
The orc shouts!
The orc priest shouts!
The orc hits you with a +0 club. The orc hits you but does no damage.
You barely miss the orc. The orc hits you but does no damage.
The orc barely misses you.
You hit the orc.
The orc is severely wounded.
You closely miss the orc. The orc hits you but does no damage.
The orc barely misses you.
You hit the orc but do no damage. The orc hits you but does no damage.
The orc closely misses you. The orc barely misses you.
The orc closely misses you.
You barely miss the orc. The orc hits you with a +0 hand axe.
The orc hits you with a +0 club.
The orc priest mumbles some strange prayers to Beogh against you.
Beogh smites you! The orc hits you with a +0 dagger.
The orc closely misses you. The orc misses you.
The orc priest invokes the aid of Beogh against you.
Beogh smites you!
* * * LOW HITPOINT WARNING * * *
The orc priest mumbles some strange prayers to Beogh against you.
Beogh smites you!
You die...

########## #.#####.#
#........# #.#####.###
#.######.# #.##.......
#)#######.##.##.###
####.....##...#.##.##.
#....###.#..........#.
#.###.##.#
#........###...
#....oooo###.###.####
#... #####.##o@...#
#.# #... #.########
#.######.#.


.oo ##........#. ....o ##...#####... ....... ##.....## #.## #.......#
##.......###.## ........###.........##.#. ###........'......)..+....
..#.........##.#. You could see 2 orc priests and 3 orcs.

Vanquished Creatures
  Natasha (twice) (D:3)
  Terence (D:3)
  3 adders (D:3)
  2 worms
  2 dart slugs
  5 orcs (D:3)
  8 endoplasms
  13 goblins
  9 hobgoblins
  3 jackals (D:1)
  6 kobolds
  3 ball pythons
  4 bats
  8 frilled lizards
  4 rats
73 creatures vanquished.

Notes
Turn   | Place    | Note
-------+----------+-------------------------------------------
     0 | D:1      | Eitelfritz the Merfolk Gladiator began the quest for the
                  | Orb.
     0 | D:1      | Reached XP level 1. HP: 16/16 MP: 1/1
    83 | D:1      | Reached XP level 2. HP: 13/22 MP: 2/2
   529 | D:1      | Reached skill level 5 in Polearms
   888 | D:1      | Found a faded altar of an unknown god.
   951 | D:1      | Reached XP level 3. HP: 27/27 MP: 3/3
   957 | D:1      | Reached skill level 1 in Stealth
  1965 | D:2      | Found Etagots's Antique Weapon Boutique.
  2494 | D:3      | Reached XP level 4. HP: 33/34 MP: 4/4
  2837 | D:3      | Reached skill level 6 in Polearms
  3157 | D:3      | Noticed Natasha
  3173 | D:3      | Killed Natasha
  3174 | D:3      | Reached XP level 5. HP: 33/39 MP: 5/5
  3275 | D:3      | Reached skill level 1 in Armour
  3493 | D:3      | Noticed Natasha
  3499 | D:3      | Killed Natasha
  3657 | D:3      | Noticed Terence
  3672 | D:3      | Killed Terence
  3722 | D:3      | Killed from afar by an orc priest

Illustrated notes

Levels and vault maps discovered:
D:1:      roderic_octagonal_star, layout_basic, basic_ecumenical_altar,
          serial_co_window_serial, co_window_paths_b, co_window_paths_a,
          co_window_corner_a, co_window_cross_1, co_window_corner_a,
          co_window_of_opportunity_c, co_window_corner_b, co_window_cross_2,
          co_window_corner_ca, co_window_broadway_c, co_window_corner_cb,
          co_window_of_opportunity_c, glass_columns_a, glass_columns_a,
          glass_columns_b, glass_columns_c
D:2:      layout_basic, serial_shops, shop
D:3:      cheibrodos_greedy_goblins, layout_loops_corners,
          kennysheep_generic_room_16, uniq_terence, uniq_natasha

Skill      XL: |  1  2  3  4  5 |
---------------+----------------+-----
Polearms       | 5 6 |  6.8
Stealth        | 1 2 |  2.0
Armour         | 1 |  1.2
Fighting       | |  2.8
Throwing       | |  2.1
Dodging        | |  4.9

Action                   |  1- 3 |  4- 6 || total
-------------------------+-------+-------++-------
Melee: Trident           |   137 |    95 ||   232
 Stab: Sleeping          |     1 |     5 ||     6
Armor: Leather armour    |    33 |    22 ||    55
Dodge: Dodged            |    83 |    65 ||   148
